 Dungeon Crawl Stone Soup version 0.28.0-53-g5a82cb258f (webtiles) character file.

Game seed: 9408027110889799437

211 SolCadguy the Gusty (level 5, -8/28 HPs)
             Began as a Tengu Air Elementalist on Aug 17, 2022.
             Killed by nerve-wracking pain
             ... invoked by a shadow imp
             ... summoned by Eustachio
              (14 damage)
             ... on level 4 of the Dungeon.
             The game lasted 00:14:21 (3422 turns).

SolCadguy the Gusty (Tengu Air Elementalist)        Turns: 3422, Time: 00:14:24

Health: -8/28      AC:  3    Str:  9      XL:     5   Next: 88%
Magic:  2/11       EV: 14    Int: 17      God:
Gold:   98         SH:  0    Dex: 13 (14) Spells: 1/11 levels left

rFire   . . .      SeeInvis .   d - +4 dagger
rCold   . . .      Faith    .   (no shield)
rNeg    . . .      Spirit   .   a - +0 robe
rPois   .          Reflect  .   g - +1 hat
rElec   .          Harm     .   (no cloak)
rCorr   .          Rampage  .   (no gloves)
Will    .....                   (boots unavailable)
Stlth   ++........              (no amulet)
HPRegen 0.09/turn               (no ring)
MPRegen 0.12/turn               (no ring)

@: flying quickly and evasively, quick
A: beak, talons 3, nimble flight
a: no special abilities


You were on level 4 of the Dungeon.
You visited 1 branch of the dungeon, and saw 4 of its levels.

You collected 98 gold pieces.

Inventory:

Hand Weapons
 b - a +0 dagger
 d - a +4 dagger (weapon)
 i - a +1 dagger of freezing
 r - a +0 hunting sling
Missiles
 h - 61 stones
Armour
 a - a +0 robe (worn)
 g - a +1 hat (worn)
 j - a +0 leather armour
Scrolls
 c - a scroll of blinking
 e - a scroll of teleportation
 k - a scroll of amnesia {unknown}
 m - a scroll of fog {unknown}
 n - a scroll of acquirement {unknown}
 o - a scroll of magic mapping {unknown}
 p - a scroll of summoning {unknown}
Potions
 f - a potion of resistance
 l - a potion of attraction
 q - a potion of mutation
 s - a potion of cancellation {unknown}


   Skills:
 - Level 2.0 Short Blades
 - Level 2.1 Dodging
 - Level 2.0 Stealth
 + Level 3.7 Spellcasting
 - Level 1.3 Conjurations
 - Level 6.3 Air Magic


You had one spell level left.
You knew the following spells:

 Your Spells              Type           Power      Damage    Failure   Level
a - Shock                 Conj/Air       64%        1d7       3%          1
b - Static Discharge      Conj/Air       16%        N/A       4%          2
c - Swiftness             Air            24%        N/A       3%          3
d - Airstrike             Air            12%        N/A       12%         4

Your spell library contained the following spells:

 Spells                   Type           Power      Damage    Failure   Level


Dungeon Overview and Level Annotations

Branches:
Dungeon (4/15)
 Temple: D:4-7

Altars:

Annotations:
D:4 Eustachio


Innate Abilities, Weirdness & Mutations

You have a beak for a mouth.
You have claws for feet.
Your magical nature lets you fly swiftly and evasively.


Message History

Eustachio mumbles some strange words.
Eustachio blinks!
The quasit closely misses you.
The quasit claws you but does no damage.
The quasit completely misses you.
Casting: Shock (safe; 3% risk of failure)
Confirm with . or Enter, or press ? or * to list all spells.
Aiming: Shock (safe; 3% risk of failure)
Press: ? - help, Shift-Dir - straight line, f/p - Eustachio
Aim: Eustachio, wielding a +0 rapier and wearing a +2 leather armour of positive energy (almost dead, 60% to hit)
The zap hits the quasit.
The quasit is lightly wounded.
The zap hits Eustachio.
Eustachio is almost dead.
The white imp barely misses you. The quasit barely misses you.
The quasit misses you. The quasit closely misses you.
Casting: Shock (safe; 3% risk of failure)
Confirm with . or Enter, or press ? or * to list all spells.
Aiming: Shock (safe; 3% risk of failure)
Press: ? - help, Shift-Dir - straight line, f/p - Eustachio
Aim: Eustachio, wielding a +0 rapier and wearing a +2 leather armour of positive energy (almost dead, 60% to hit)
The zap hits the quasit.
The quasit is heavily wounded.
The zap misses Eustachio.
The white imp hits you. The white imp freezes you.
The shadow imp barely misses you. The quasit completely misses you.
The quasit closely misses you. The quasit claws you.
Casting: Shock (safe; 3% risk of failure)
Confirm with . or Enter, or press ? or * to list all spells.
Aiming: Shock (safe; 3% risk of failure)
Press: ? - help, Shift-Dir - straight line, f/p - Eustachio
Aim: Eustachio, wielding a +0 rapier and wearing a +2 leather armour of positive energy (almost dead, 60% to hit)
The zap hits the quasit but does no damage.
The quasit is heavily wounded.
The zap misses Eustachio.
The quasit closely misses you. The quasit barely misses you.
The quasit closely misses you. The white imp hits you.
The white imp freezes you.
* * * LOW HITPOINT WARNING * * *
The shadow imp gestures at you. Pain shoots through your body!
Ouch! That really hurt!
You die...

#.........##.#...#
#.###.#.>....#@..#
#.......######...#
#####.##.## #...#
#.#.#.## #...#
.......###># #...#
###.###.#.####...#
........5......#
##....@.5@5.....#
################


You could see Eustachio, a quasit (summoned), a white imp (summoned) and a
shadow imp (summoned).

Vanquished Creatures
  Blork the orc (D:3)
  Terence (D:2)
  2 adders
  4 worms
  4 dart slugs
  4 orcs (D:3)
  3 bats
  6 endoplasms
  5 giant cockroaches
  7 hobgoblins
  7 kobolds
  6 quokkas
  9 ball pythons
  7 goblins
  5 rats
71 creatures vanquished.

Notes
Turn   | Place    | Note
-------+----------+-------------------------------------------
     0 | D:1      | SolCadguy the Tengu Air Elementalist began the quest for
                  | the Orb.
     0 | D:1      | Reached XP level 1. HP: 10/10 MP: 4/4
   212 | D:1      | Reached XP level 2. HP: 14/15 MP: 4/6
   241 | D:1      | Learned a level 2 spell: Static Discharge
   296 | D:1      | Reached skill level 5 in Air Magic
   692 | D:1      | Reached XP level 3. HP: 19/19 MP: 7/7
   696 | D:1      | Learned a level 3 spell: Swiftness
  1115 | D:2      | Found a faded altar of an unknown god.
  1116 | D:2      | Noticed a floating eye
  1121 | D:2      | Noticed a great orb of eyes
  1121 | D:2      | Noticed a shining eye
  1121 | D:2      | Noticed a shining eye
  1138 | D:2      | Noticed Terence
  1166 | D:2      | Killed Terence
  1167 | D:2      | Reached skill level 6 in Air Magic
  1167 | D:2      | Reached XP level 4. HP: 24/24 MP: 3/8
  1402 | D:2      | Reached skill level 1 in Short Blades
  2192 | D:3      | Gained mutation: Your magical nature lets you fly swiftly
                  | and evasively. [Tengu growth]
  2192 | D:3      | Reached XP level 5. HP: 14/28 MP: 5/9
  3216 | D:4      | Noticed Blork the orc
  3233 | D:3      | Killed Blork the orc
  3359 | D:3      | Learned a level 4 spell: Airstrike
  3385 | D:4      | Noticed Eustachio
  3422 | D:4      | Killed from afar by a shadow imp

Illustrated notes

Levels and vault maps discovered:
D:1:      sevenhm_arrival_forest_fort_large_4, layout_loops_ring,
          minmay_split_cup_small
D:2:      layout_loops_ring, hellmonk_ecumenical_altar_watching_god,
          uniq_terence
D:3:      layout_basic, minmay_cupped
D:4:      layout_loops_ring, lemuel_doored_altar,
          mainiacjoe_overflow_surrounded_room, hangedman_feature_mirror,
          uniq_eustachio, uniq_blork_the_orc

Skill      XL: |  1  2  3  4  5 |
---------------+----------------+-----
Air Magic      | 5 6 |  6.3
Short Blades   | 2 |  2.0
Spellcasting   | 3 |  3.7
Dodging        | |  2.1
Stealth        | |  2.0
Conjurations   | |  1.3

Action                   |  1- 3 |  4- 6 || total
-------------------------+-------+-------++-------
Melee: Dagger            |    26 |    53 ||    79
       Kick              |     5 |    14 ||    19
       Peck              |     5 |     3 ||     8
       Punch             |       |     1 ||     1
 Cast: Shock             |    35 |    65 ||   100
       Static Discharge  |     1 |     3 ||     4
  Use: Scroll            |       |     6 ||     6
 Stab: Sleeping          |     2 |     3 ||     5
Armor: Robe              |     4 |     6 ||    10
Dodge: Dodged            |    15 |    46 ||    61
